Map: Ghost River LE

Players

ShaDoWn

  • Race: Protoss Protoss
  • Spawn Location: 11:00

Solar - Winner!

  • Race: Zerg Zerg
  • Spawn Location: 1:00

Event: ESL Spring 2024 Finals

VOD

Have the link to the VOD?

Description

Time

  • Played on: May 31, 2024, 3:29 p.m.
  • Length: 15:01

All games in this series

Show
View Real Time Build Order
Export as new Build Order

ShaDoWn Protoss 

Build Orders: 1 Gate Expand, Mass Adepts, Zealot Archon 

Get SALT Encoding   

  12  0:00  Probe  
  13  0:12  Pylon  
  13  0:19  Probe (Chrono Boost)  
  15  0:28  Probe (Chrono Boost)  
  15  0:33  Probe (Chrono Boost)  
  16  0:39  Gateway  
  16  0:45  Probe  
  16  0:48  Assimilator  
  17  0:57  Probe  
  18  1:09  Probe  
  19  1:21  Probe  
  20  1:26  Nexus  
  20  1:35  Cybernetics Core  
  21  1:40  Probe  
  21  1:43  Assimilator  
  21  1:52  Probe  
  21  1:53  Pylon  
  22  2:04  Probe  
  23  2:09  Adept (Chrono Boost)  
  25  2:16  Twilight Council, Probe (Chrono Boost)  
  26  2:26  Warp Gate, Probe (Chrono Boost)  
  27  2:32  Adept, Probe (Chrono Boost)  
  30  2:38  Probe (Chrono Boost)  
  32  2:46  Gateway  
  32  2:47  Probe (Chrono Boost)  
  32  2:48  Probe (Chrono Boost)  
  33  2:52  Resonating Glaives (Chrono Boost)  
  33  2:54  Probe  
  33  2:56  Probe  
  35  3:02  Adept  
  37  3:06  Probe  
  37  3:08  Probe  
  37  3:12  Gateway  
  39  3:19  Probe  
  40  3:20  Probe  
  40  3:25  Pylon  
  41  3:31  Probe  
  41  3:32  Probe  
  45  3:40  Adept x2 (Chrono Boost)  
  45  3:43  Probe  
  48  3:48  Nexus  
  48  3:51  Pylon  
  48  3:53  Probe  
  48  3:55  Probe  
  50  4:00  Assimilator  
  50  4:06  Pylon, Probe  
  51  4:14  Adept x3  
  51  4:15  Probe  
  58  4:18  Probe  
  58  4:21  Robotics Facility  
  59  4:24  Assimilator  
  59  4:25  Pylon  
  59  4:27  Probe  
  59  4:30  Probe  
  61  4:39  Probe  
  61  4:42  Adept x3, Probe  
  69  4:51  Probe  
  70  4:54  Probe  
  71  5:00  Probe  
  71  5:03  Probe  
  71  5:06  Adept x3  
  77  5:11  Shield Battery, Probe  
  77  5:13  Immortal (Chrono Boost)  
  76  5:18  Probe  
  71  5:23  Probe  
  71  5:26  Adept  
  71  5:27  Forge, Adept x2  
  71  5:30  Probe  
  71  5:33  Gateway  
  76  5:42  Immortal (Chrono Boost)  
  76  5:45  Shield Battery  
  76  5:48  Shield Battery, Sentry x2  
  78  5:50  Sentry, Protoss Ground Weapons Level 1 (Chrono Boost)  
  78  5:54  Probe  
  78  5:56  Probe  
  82  6:00  Probe  
  83  6:05  Photon Cannon  
  83  6:08  Observer (Chrono Boost), Probe  
  85  6:12  Gateway  
  85  6:13  Probe  
  85  6:14  Probe  
  87  6:21  Probe  
  87  6:23  Assimilator x2  
  87  6:24  Blink (Chrono Boost)  
  92  6:28  Probe  
  93  6:34  Stalker, Probe  
  93  6:35  Pylon  
  93  6:36  Pylon  
  93  6:37  Probe  
  93  6:45  Templar Archives  
  93  6:53  Immortal (Chrono Boost), Photon Cannon  
  93  6:54  Shield Battery, Stalker, Photon Cannon  
  97  6:57  Photon Cannon  
  97  6:58  Stalker  
  101  7:01  Stalker  
  101  7:05  Stalker  
  105  7:09  Stalker  
  105  7:13  Probe  
  108  7:16  Probe, Psionic Storm  
  108  7:17  Pylon x2  
  108  7:20  Observer  
  109  7:32  Pylon x3  
  109  7:33  Warp Prism (Chrono Boost)  
  109  7:35  Probe  
  112  7:40  Protoss Ground Weapons Level 2 (Chrono Boost)  
  112  7:49  Nexus, Archon  
  112  7:50  High Templar x2, Pylon  
  116  7:54  Gateway  
  116  7:57  Gateway  
  116  8:02  Pylon  
  116  8:03  Probe  
  117  8:06  High Templar  
  117  8:08  Photon Cannon  
  119  8:13  Shield Battery  
  119  8:15  Photon Cannon  
  119  8:16  Photon Cannon  
  119  8:17  High Templar  
  119  8:18  Photon Cannon, Immortal (Chrono Boost)  
  125  8:29  Probe  
  125  8:34  High Templar  
  128  8:37  Probe  
  128  8:40  Probe  
  124  8:42  Probe  
  124  8:43  Assimilator  
  124  8:45  Assimilator  
  124  8:47  Pylon, Immortal (Chrono Boost)  
  129  8:52  Zealot x3  
  129  8:53  Probe  
  129  8:54  Charge  
  136  9:04  Zealot x3  
  142  9:14  Stalker  
  142  9:17  Probe, Immortal (Chrono Boost)  
  147  9:24  Probe  
  147  9:30  Stargate  
  148  9:35  Adept x3  
  148  9:37  Adept  
  156  9:43  Stalker  
  162  9:46  Immortal (Chrono Boost)  
  162  9:51  Stalker x2  
  154  10:15  Stalker  
  154  10:18  Immortal  
  158  10:22  Adept x6  
  169  10:30  Protoss Air Weapons Level 1  
  165  10:37  Fleet Beacon  
  165  10:39  Zealot  
  165  10:41  Stargate  
  153  10:43  Stargate  
  153  10:46  Stargate  
  151  10:50  Observer  
  151  10:56  Adept x5  
  161  10:57  Adept  
  160  11:10  High Templar  
  144  11:19  Stalker x3, Zealot  
  144  11:20  Zealot x2  
  144  11:21  Probe  
  152  11:28  Immortal (Chrono Boost)  
  152  11:31  Probe (Chrono Boost)  
  132  11:33  Tempest (Chrono Boost)  
  125  11:42  High Templar  
  125  11:43  High Templar x3  
  125  11:44  Mothership (Chrono Boost)  
  120  11:50  Probe (Chrono Boost)  
  117  11:59  Observer (Chrono Boost), Tempest (Chrono Boost)  
  119  12:01  Probe  
  124  12:09  Zealot x2, Observer (Chrono Boost)  
  124  12:20  Archon  
  124  12:21  Stalker x4  
  117  12:28  Immortal (Chrono Boost)  
  107  12:39  Tempest  
  107  12:40  Probe x2  
  107  12:43  Zealot  
  107  12:44  Probe  
  117  12:48  Zealot x4  
  117  12:50  Nexus, Immortal  
  129  12:52  Probe x2  
  131  12:59  Probe  
  131  13:04  Pylon  
  132  13:08  Assimilator  
  132  13:10  Templar Archives  
  132  13:21  Probe  
  132  13:25  Zealot x3  
  139  13:28  Zealot x2  
  139  13:33  Nexus, Observer (Chrono Boost)  
  143  13:47  Tempest  
  145  13:51  High Templar x5  
  117  14:20  Tempest (Chrono Boost)  
  109  14:31  Zealot x3  
  109  14:38  Probe  
  109  14:39  Gateway  
  109  14:41  Gateway  
  109  14:42  Gateway  
  99  14:49  Probe  
Show
View Real Time Build Order
Export as new Build Order

Solar Zerg - Winner!

Build Orders: Hatch First, Lurkers, Roach Hydra 

Get SALT Encoding   

  12  0:00  Drone  
  13  0:12  Overlord  
  13  0:17  Drone  
  14  0:33  Drone  
  14  0:34  Drone  
  16  0:47  Hatchery  
  15  0:51  Drone  
  15  0:54  Drone  
  17  0:58  Drone  
  18  1:08  Extractor  
  17  1:15  Spawning Pool  
  17  1:18  Drone  
  17  1:21  Drone  
  18  1:28  Drone  
  19  1:39  Drone  
  20  1:49  Overlord  
  20  2:01  Queen x2  
  20  2:02  Zergling x4  
  26  2:12  Drone x2  
  26  2:13  Metabolic Boost  
  28  2:22  Drone x2  
  30  2:36  Hatchery  
  29  2:38  Zergling x2  
  29  2:44  Queen  
  30  2:48  Overlord  
  32  2:51  Drone  
  32  2:53  Drone  
  32  2:56  Drone  
  32  2:58  Drone  
  36  3:06  Queen  
  36  3:11  Drone x3  
  41  3:13  Drone  
  41  3:16  Drone  
  41  3:19  Overlord  
  43  3:21  Drone  
  44  3:30  Overlord  
  44  3:36  Queen  
  44  3:40  Spore Crawler  
  46  3:41  Drone  
  46  3:42  Zergling x4  
  46  3:46  Drone  
  46  3:47  Drone x2  
  51  3:49  Queen  
  51  3:51  Drone  
  53  3:57  Roach Warren  
  53  4:02  Zergling x10  
  58  4:05  Drone  
  58  4:06  Drone  
  58  4:09  Overlord  
  60  4:17  Drone x2  
  60  4:18  Drone  
  60  4:21  Zergling x6, Extractor  
  65  4:24  Overlord  
  65  4:28  Zergling x8  
  65  4:31  Drone  
  68  4:41  Roach x3  
  68  4:44  Zergling x4  
  74  4:50  Roach  
  74  4:58  Zergling x14  
  81  5:06  Zergling x2  
  81  5:11  Overlord  
  81  5:12  Zergling x8  
  77  5:17  Zergling x4  
  77  5:19  Drone  
  76  5:24  Queen  
  76  5:25  Drone  
  77  5:29  Drone  
  77  5:34  Drone x2  
  80  5:38  Drone  
  80  5:39  Drone x2  
  83  5:43  Drone x2, Lair  
  83  5:45  Drone  
  83  5:47  Extractor x2  
  83  5:49  Drone  
  84  5:56  Drone x2  
  86  6:00  Roach  
  86  6:03  Overlord  
  86  6:04  Hatchery, Overlord  
  88  6:06  Overlord  
  88  6:08  Drone x2  
  89  6:11  Extractor  
  89  6:12  Evolution Chamber  
  89  6:14  Drone x2  
  89  6:19  Overlord  
  89  6:21  Overlord  
  89  6:22  Baneling Nest  
  89  6:23  Drone  
  89  6:24  Drone  
  89  6:25  Drone  
  91  6:26  Drone  
  91  6:27  Drone  
  91  6:29  Ravager x2  
  91  6:30  Ravager  
  91  6:31  Drone  
  91  6:32  Drone  
  98  6:33  Drone  
  98  6:34  Drone  
  98  6:35  Drone  
  98  6:39  Zerg Melee Weapons Level 1  
  101  6:41  Overlord  
  101  6:44  Glial Reconstitution  
  101  6:45  Drone  
  101  6:47  Drone  
  103  6:48  Overseer  
  103  6:52  Overseer  
  103  6:53  Drone  
  104  6:56  Drone  
  104  6:58  Drone  
  104  7:00  Roach x4  
  114  7:03  Roach  
  114  7:04  Roach  
  114  7:05  Overlord  
  118  7:09  Roach x2  
  118  7:11  Roach  
  118  7:15  Drone x2  
  126  7:19  Drone  
  127  7:24  Infestation Pit  
  127  7:25  Drone  
  127  7:27  Drone x5  
  132  7:30  Extractor  
  132  7:34  Drone x3  
  132  7:35  Drone x4  
  137  7:42  Hydralisk Den  
  136  7:47  Drone x2  
  136  7:49  Extractor x2  
  136  7:52  Overlord  
  136  7:53  Drone x4  
  139  7:59  Zergling x12, Roach x2  
  139  8:02  Hatchery  
  139  8:04  Drone x2, Hive  
  150  8:05  Evolution Chamber  
  150  8:09  Drone  
  150  8:10  Drone  
  151  8:17  Hydralisk  
  151  8:18  Hydralisk x4  
  159  8:21  Lurker Den  
  159  8:24  Spine Crawler  
  157  8:29  Drone  
  157  8:33  Zerg Missile Weapons Level 1  
  157  8:34  Overlord  
  157  8:36  Hydralisk x2  
  157  8:37  Grooved Spines  
  157  8:40  Drone  
  157  8:41  Zerg Melee Weapons Level 2  
  160  8:43  Overseer  
  160  8:46  Overlord  
  160  8:47  Overlord  
  160  9:00  Zergling x2  
  160  9:01  Zergling x14, Extractor  
  167  9:05  Extractor  
  167  9:09  Zergling x2, Overlord x2  
  168  9:10  Zergling x10  
  168  9:14  Drone  
  169  9:20  Lurker x5  
  169  9:21  Lurker x2  
  173  9:28  Spine Crawler, Drone  
  173  9:29  Zergling x10  
  175  9:32  Adrenal Glands  
  175  9:35  Zergling x8, Hydralisk x7  
  193  9:43  Muscular Augments  
  193  9:50  Nydus Network  
  193  9:51  Spine Crawler, Zergling x2  
  193  9:52  Zergling x4  
  194  9:58  Hydralisk  
  196  10:00  Overlord  
  196  10:06  Drone  
  196  10:07  Drone, Queen  
  193  10:09  Drone x2  
  193  10:12  Lurker x3  
  193  10:13  Overlord x2  
  197  10:15  Overlord  
  197  10:17  Spine Crawler x2  
  197  10:19  Lurker x4  
  199  10:24  Pneumatized Carapace  
  198  10:32  Zergling x12  
  195  10:35  Hydralisk x3  
  195  10:39  Zergling x14, Nydus Canal  
  195  10:40  Zergling x16  
  197  10:44  Overlord  
  197  10:45  Overlord  
  197  10:47  Overlord  
  197  10:50  Overlord  
  197  10:51  Overlord  
  194  10:59  Hydralisk x3  
  194  11:02  Overlord x2  
  196  11:07  Hydralisk x5  
  187  11:12  Seismic Spines  
  187  11:14  Zergling x4  
  187  11:17  Zergling x6  
  183  11:21  Zergling x6  
  157  11:26  Roach x3  
  157  11:27  Roach  
  157  11:29  Roach  
  143  11:33  Zergling x2  
  143  11:34  Zergling x6  
  143  11:37  Hydralisk  
  142  11:43  Overseer  
  140  11:49  Drone x5  
  140  11:50  Drone  
  142  12:07  Hydralisk  
  144  12:08  Viper x2  
  144  12:09  Adaptive Talons  
  144  12:10  Drone x4  
  144  12:11  Drone x3, Hydralisk  
  158  12:21  Hydralisk x2  
  146  12:23  Hydralisk x2  
  146  12:24  Hydralisk  
  146  12:25  Hydralisk  
  146  12:26  Zergling x2  
  138  12:32  Hydralisk x2  
  138  12:35  Hydralisk  
  137  12:37  Hydralisk x2  
  141  12:45  Lurker x6  
  141  12:47  Hydralisk  
  149  12:54  Lurker x2  
  149  12:55  Hydralisk  
  150  12:58  Zergling x2  
  150  12:59  Zergling x2  
  150  13:01  Zergling x4  
  150  13:03  Nydus Canal  
  150  13:04  Hydralisk  
  156  13:06  Overseer  
  156  13:07  Hydralisk  
  156  13:11  Hydralisk x2  
  162  13:13  Zergling x2  
  162  13:18  Lurker x2  
  162  13:19  Hydralisk x2  
  163  13:24  Zergling x10  
  163  13:26  Nydus Canal  
  172  13:28  Hydralisk  
  172  13:29  Zergling x2  
  172  13:31  Hydralisk  
  177  13:34  Hydralisk  
  177  13:38  Zergling x8  
  183  13:43  Hydralisk  
  183  13:44  Hydralisk x2  
  189  13:50  Hydralisk x2  
  189  13:51  Zergling x4  
  189  13:53  Hydralisk  
  197  13:59  Hydralisk x2  
  198  14:07  Hydralisk x4  
  190  14:10  Viper  
  190  14:11  Hydralisk  
  194  14:17  Zergling x10  
  194  14:22  Overseer  
  194  14:23  Hydralisk x2  
  199  14:27  Zergling x6  
  199  14:28  Zergling x2  
  199  14:29  Zergling x4  
  193  14:33  Hydralisk x2  
  193  14:37  Zergling x8  
  188  14:41  Lurker  
Tags
 
Add a new tag
Caveats
  • Supply blocks, unpowered buildings, or Contaminate may cause inaccurate times.
  • Supply counts are checked every 10 seconds.